 Dungeon Crawl Stone Soup version 0.14.0-17-gc0b17a5 (webtiles) character file.

73108 oshikia the Grappler (level 14, -32/121 HPs)
             Began as a Yellow Draconian Transmuter on Apr 18, 2014.
             Was the Champion of Cheibriados.
             Annihilated by a shambling mangrove (37 damage)
             ... while paralysed by a red wasp
             ... on Level 2 of the Swamp.
             The game lasted 01:29:57 (24773 turns).

oshikia the Grappler (Yellow Draconian Transmuter) Turns: 24773, Time: 01:29:58

HP -32/121       AC 11     Str 29      XL: 14   Next: 99%
MP   0/31        EV  2     Int 31      God: Cheibriados [******]
Gold 1111        SH  0     Dex 28      Spells:  7 memorised, 11 levels left

rFire  . . .     SeeInvis .       - Unarmed
rCold  . . .     Clarity  .     (armour unavailable)
rNeg   . . .     Conserve .     (shield currently unavailable)
rPois  .         rCorr    +     (helmet restricted)
rElec  .         rRot     .     r - +0 cloak
SustAb . .       Spirit   +     P - melded +0 pair of gloves
rMut   .         Warding  .     (no boots)
Saprov . . .     Stasis   .     M - amulet of guardian spirit
MR     +....                    v - +2 ring of protection
                                C - ring of wizardry

@: blade hands, paralysed, lethally poisoned, slowed, grasped by roots, very
slow, somewhat resistant to hostile enchantments, quite stealthy
A: spit acid, acid resistance, unfitting armour, acidic bite, AC +8
a: Spit Acid, End Transformation, Bend Time, Temporal Distortion, Slouch, Step
From Time, Renounce Religion


You were on level 2 of the Swamp.
You worshipped Cheibriados.
Cheibriados was exalted by your worship.
You were hungry.
Your hands were blades.
You visited 4 branches of the dungeon, and saw 21 of its levels.

You collected 1111 gold pieces.

Inventory:

Missiles
 B - 2 tomahawks (quivered)
Armour
 r - a +0 cloak (worn)
 P - a +0 pair of gloves (melded)
Magical devices
 e - a wand of cold (8)
 q - a wand of heal wounds (4) {unknown}
 w - a wand of cold (6)
 F - a wand of disintegration (10)
 K - a wand of disintegration (14)
Comestibles
 n - 7 meat rations
 s - a lychee
 z - 5 honeycombs
 D - 2 royal jellies
 H - 6 bread rations
 L - a beef jerky
 X - 11 pears
Scrolls
 b - a scroll of fear
 g - 13 scrolls of remove curse
 j - 3 scrolls of recharging
 k - 5 scrolls of identify
 l - 9 scrolls of teleportation
 p - 6 scrolls of blinking
 t - 4 scrolls of magic mapping
 x - a scroll of enchant weapon III
 y - 2 scrolls of enchant armour
 S - a scroll of amnesia
Jewellery
 a - an uncursed ring of fire
 h - an uncursed amulet of conservation
 v - a +2 ring of protection (right scythe-like blade)
 C - a ring of wizardry (left scythe-like blade)
 G - an uncursed ring of wizardry
 M - an amulet of guardian spirit (around neck)
 T - an uncursed ring of flight
 Z - an uncursed ring of sustenance
Potions
 c - 8 potions of curing
 f - a potion of resistance
 i - 7 potions of heal wounds
 m - a potion of magic
 o - 2 potions of might
 Y - a potion of brilliance
Books
 d - a book of Changes

   Spells                             Type                      Level
   *Beastly Appendage                 Transmutation                1
   *Sticks to Snakes                  Transmutation                2
   *Spider Form                       Transmutation/Poison         3
   *Ice Form                          Ice/Transmutation            4
   *Blade Hands                       Transmutation                5
 I - a book of War Chants

   Spells                             Type                      Level
   Fire Brand                         Charms/Fire                  2
   Freezing Aura                      Charms/Ice                   2
   *Shroud of Golubria                Charms/Translocation         2
   Repel Missiles                     Charms/Air                   2
   Poison Weapon                      Charms/Poison                3
   *Regeneration                      Charms/Necromancy            3
 W - a book of Annihilations {highlevel, unknown}

   This book is beyond your current level of understanding.

   Spells                             Type                      Level
   Poison Arrow                       Conjuration/Poison           6
   Chain Lightning                    Conjuration/Air              8
   Lehudib's Crystal Spear            Conjuration/Earth            8
   Glaciate                           Conjuration/Ice              9
   Fire Storm                         Conjuration/Fire             9


   Skills:
 + Level 10.1 Fighting
 + Level 8.3 Dodging
 + Level 5.4 Stealth
 * Level 12.6 Unarmed Combat
 + Level 9.0 Spellcasting
 - Level 3.1 Charms
 + Level 6.5 Necromancy
 + Level 6.4 Translocations
 * Level 12.6 Transmutations
 + Level 7.7 Invocations


You had 11 spell levels left.
You knew the following spells:

 Your Spells              Type           Power        Failure   Level  Hunger
a - Beastly Appendage     Trmt           ######       1%          1    None
b - Spider Form           Trmt/Pois      ######....   6%          3    None
c - Blade Hands           Trmt           #######...   6%          5    ###....
d - Shroud of Golubria    Chrm/Tloc      #####.....   6%          2    None
e - Ice Form              Ice/Trmt       ######....   10%         4    None
f - Regeneration          Chrm/Necr      #####.....   7%          3    None
g - Sticks to Snakes      Trmt           #######...   1%          2    None


Dungeon Overview and Level Annotations

Branches:
Dungeon (10/15)            Temple (1/1) D:5             Orc (0/4) D:10
   Lair (8/8) D:9           Swamp (2/5) Lair:6        Snake (0/5) Lair:5
  Slime (0/6) Lair:6

Altars:
Ashenzari
Cheibriados
Dithmenos
Elyvilon
Fedhas
Kikubaaqudgha
Makhleb
Nemelex Xobeh
Okawaru
Sif Muna
Trog
Vehumet
Xom
Yredelemnul
Zin
The Shining One
Beogh


Innate Abilities, Weirdness & Mutations

You can spit globs of acid.*
You can corrode armour when you spit acid.*
You are resistant to acid.*
Your golden yellow scales are hard (AC +8).*
Your body does not fit into most forms of armour.
Your cold-blooded metabolism reacts poorly to cold.
You have acidic saliva.*


Message History

The red wasp stings you!
You are more poisoned.
You still haven't the ability to move!
The yellow wasp stings you!
* * * LOW HITPOINT WARNING * * *
You feel yourself slow down. The shambling mangrove hits you.
* * * LOW HITPOINT WARNING * * *
You feel sick. The red wasp completely misses you.
The yellow wasp stings you but does no damage. x2
The red wasp stings you!
* * * LOW HITPOINT WARNING * * *
You are more poisoned.
You still haven't the ability to move!
The yellow wasp stings you.
* * * LOW HITPOINT WARNING * * *
You feel as though you will be slow longer.
The yellow wasp stings you.
* * * LOW HITPOINT WARNING * * *
You are more poisoned.
You feel as though you will be slow longer.
The shambling mangrove hits you!
You die...

≈≈≈ ..§ ≈♣♣≈ .♣ ≈≈.≈≈≈
≈≈≈≈..≈ ≈≈..♣≈≈≈≈≈≈.
≈.≈≈≈≈≈≈ ♣≈≈.....≈♣≈≈..
♣..≈≈≈♣≈.....≈≈♣.≈≈≈♣..≈
≈≈.≈≈.≈≈.≈≈≈.≈≈≈...≈≈...
≈.≈≈≈≈.≈≈≈≈§.≈≈♣≈≈.≈≈≈(.
..≈≈≈≈≈≈≈≈≈≈≈≈≈P)y.≈≈≈$.≈
♣♣≈≈§≈.≈≈≈≈...♣y@y≈.≈≈§≈≈
≈≈≈≈≈≈.≈≈.≈≈≈....≈...♣§≈≈
.≈♣≈§≈.≈♣.♣≈...≈♣≈.≈D≈.♣
≈≈≈≈≈≈≈≈≈.≈≈.....≈.≈.≈.≈
♣≈♣≈..≈.≈........≈.≈.≈(≈
.≈.♣..♣.≈≈♣♣.....≈§≈≈♣.♣
≈≈≈≈≈...≈§........≈.≈..
♣.♣♣♣♣.♣♣♣♣♣♣♣♣♣♣♣♣♣♣♣
♣♣♣ ♣♣♣


You could see a shambling mangrove, a four-headed hydra, a red wasp and 2 yellow
wasps.

Vanquished Creatures
  5 hydras
  3 alligators (Swamp:1)
  17 death yaks
  3 oklob plants
  A necromancer (Lair:4)
  16 elephants
  8 black mambas
  A gargoyle (D:9)
  The ghost of staplegun the Covert, an experienced SpAs (Swamp:1)
  19 spiny frogs
  7 fire drakes
  2 giant fireflies
  A troll (D:10)
  2 two-headed ogres
  3 polar bears (D:8)
  A queen bee (D:9)
  5 giant leeches (Swamp:1)
  7 komodo dragons
  22 blink frogs
  5 basilisks
  8 slime creatures (Swamp:1)
  A grizzly bear (Lair:8)
  5 ravens (Swamp:1)
  A bog body (Swamp:1)
  A thorn lotus (Swamp:2)
  3 wyverns
  2 spriggans
  2 deep elf magi
  5 elephant slugs
  40 yaks
  8 hippogriffs
  A hungry ghost (D:10)
  A wandering mushroom (Lair:2)
  2 hill giant skeletons
  5 vampire mosquitoes (Lair:6)
  2 nagas (Lair:5)
  10 wolves
  7 swamp worms
  A mottled dragon (D:10)
  Edmund (D:7)
  A shark (Lair:5)
  17 water moccasins
  12 porcupines
  3 orc warriors
  3 sky beasts
  2 ice beasts (D:9)
  3 swamp drakes (Swamp:1)
  3 centaurs
  2 black bears
  A yellow wasp (D:8)
  11 ogres
  3 phantoms
  16 crocodiles
  4 giant goldfish
  12 giant slugs
  15 giant frogs
  A big kobold (D:7)
  7 insubstantial wisps (Swamp:1)
  4 scorpions
  18 killer bees
  7 electric eels
  8 wights
  2 troll skeletons
  2 goliath beetles
  10 crimson imps
  9 orc priests
  A gnoll shaman (D:8)
  Crazy Yiuf (D:3)
  3 jellies
  A yak simulacrum (Lair:4)
  4 big fish
  11 hounds
  9 iguanas
  5 orc wizards
  A quasit (D:9)
  6 worker ants
  7 polar bear simulacra (Lair:4)
  A wolf simulacrum (Lair:4)
  15 sheep
  A sky beast zombie (D:7)
  A hound zombie (D:7)
  An ogre skeleton (D:7)
  A big kobold skeleton (D:6)
  A mummy (D:8)
  6 gnolls (D:8)
  52 green rats
  25 adders
  7 white imps
  A giant mite (Lair:2)
  4 shadow imps
  9 worms
  A scorpion simulacrum (D:8)
  An iguana skeleton (D:5)
  2 giant eyeballs (D:4)
  10 giant geckos
  26 orcs
  27 bats
  A bat zombie (D:5)
  13 hobgoblins
  24 jackals
  3 oozes
  8 quokkas
  A bat simulacrum (D:8)
  7 giant cockroaches
  9 giant newts
  A giant spore (D:5)
  14 goblins
  2 green rat simulacra (Lair:4)
  A hobgoblin simulacrum (D:8)
  A hobgoblin zombie (D:6)
  36 kobolds
  A kobold skeleton (D:8)
  3 orc skeletons
  26 rats
  A rat skeleton (D:4)
  A spectral orc (D:4)
  20 ballistomycetes (D:5)
  A bush (Lair:7)
  3 fungi (Lair:2)
829 creatures vanquished.

Vanquished Creatures (collateral kills)
  3 wandering mushrooms (Lair:2)
  2 fungi (Lair:2)
5 creatures vanquished.

Vanquished Creatures (others)
  A bat (Lair:2)
  2 fungi
  2 plants (Lair:6)
5 creatures vanquished.

Grand Total: 839 creatures vanquished

Notes
Turn   | Place    | Note
--------------------------------------------------------------
     0 | D:1      | oshikia, the Draconian Transmuter, began the quest for the Orb.
     0 | D:1      | Reached XP level 1. HP: 16/16 MP: 3/3
   139 | D:1      | Reached XP level 2. HP: 15/23 MP: 2/4
  1118 | D:2      | Reached XP level 3. HP: 26/28 MP: 4/6
  1447 | D:2      | Upgraded the game from 0.14.0-15-g6b16f67 to 0.14.0-17-gc0b17a5
  1658 | D:2      | Reached XP level 4. HP: 36/36 MP: 8/8
  2639 | D:3      | Learned a level 3 spell: Spider Form
  2691 | D:3      | Reached XP level 5. HP: 39/41 MP: 6/10
  2940 | D:3      | Noticed Crazy Yiuf
  2961 | D:3      | Killed Crazy Yiuf
  3097 | D:4      | Reached skill level 4 in Transmutations
  3564 | D:4      | Paralysed by a giant eyeball for 2 turns
  3638 | D:4      | Noticed an ogre
  3656 | D:4      | Reached XP level 6. HP: 46/50 MP: 8/13
  3663 | D:4      | HP: 2/50 [ogre/giant club (26)]
  3689 | D:4      | Killed an ogre
  4086 | D:4      | Noticed a centaur
  4088 | D:4      | Noticed an ogre
  4099 | D:4      | Killed a centaur
  4105 | D:4      | Killed an ogre
  4105 | D:4      | Your scales start taking on a golden yellow colour.
  4105 | D:4      | Reached XP level 7. HP: 36/57 MP: 10/15
  4293 | D:4      | Paralysed by a giant eyeball for 4 turns
  4488 | D:4      | Found a basalt altar of Yredelemnul.
  4656 | D:5      | Entered Level 5 of the Dungeon
  4742 | D:5      | Reached skill level 5 in Transmutations
  4967 | D:5      | Reached skill level 5 in Unarmed Combat
  5177 | D:5      | Found a shadowy altar of Dithmenos.
  5675 | D:5      | Found a staircase to the Ecumenical Temple.
  5812 | D:5      | Found a deep blue altar of Sif Muna.
  6148 | D:5      | Reached XP level 8. HP: 61/66 MP: 17/17
  6278 | Temple   | Entered the Ecumenical Temple
  6310 | Temple   | Became a worshipper of Cheibriados the Contemplative
  6423 | D:6      | Found a shimmering altar of Xom.
  6459 | D:6      | Reached skill level 6 in Transmutations
  6669 | D:6      | Found a blossoming altar of Fedhas.
  6672 | D:6      | Found a bloodstained altar of Trog.
  7066 | D:6      | Found a glowing golden altar of the Shining One.
  7400 | D:6      | Learned a level 5 spell: Blade Hands
  7933 | D:6      | Found a sparkling altar of Nemelex Xobeh.
  7943 | D:6      | Found a glowing silver altar of Zin.
  8010 | D:7      | Noticed Edmund
  8021 | D:7      | Killed Edmund
  8050 | D:7      | Reached XP level 9. HP: 19/73 MP: 20/20
  8190 | D:7      | Reached skill level 5 in Fighting
  8453 | D:7      | Reached skill level 7 in Transmutations
  8647 | D:7      | HP: 3/74 [troll skeleton (14)]
  8978 | D:6      | Reached skill level 5 in Spellcasting
  9449 | D:7      | Learned a level 2 spell: Shroud of Golubria
  9657 | D:8      | Found a shattered altar of Ashenzari.
  9701 | D:8      | Acquired Cheibriados' first power
  9701 | D:8      | Reached skill level 1 in Charms
  9701 | D:8      | Reached skill level 8 in Transmutations
  9808 | D:8      | Reached XP level 10. HP: 83/83 MP: 15/22
  9851 | D:8      | Reached skill level 5 in Dodging
 10143 | D:8      | Acquired Cheibriados' second power
 10627 | D:8      | Reached skill level 1 in Invocations
 10909 | D:9      | Reached skill level 9 in Transmutations
 11780 | D:9      | Reached XP level 11. HP: 89/92 MP: 20/25
 11822 | D:9      | Acquired Cheibriados' third power
 11959 | D:9      | Found a staircase to the Lair.
 12195 | D:10     | Entered Level 10 of the Dungeon
 12206 | D:10     | Reached skill level 1 in Translocations
 12435 | D:10     | Learned a level 4 spell: Ice Form
 12873 | D:10     | Learned a level 3 spell: Regeneration
 13041 | D:10     | Found a staircase to the Orcish Mines.
 13082 | D:10     | Found a roughly hewn altar of Beogh.
 13504 | Lair:1   | Entered Level 1 of the Lair of Beasts
 13661 | Lair:1   | Reached skill level 10 in Transmutations
 13840 | Lair:1   | Reached skill level 1 in Necromancy
 14957 | Lair:2   | Learned a level 2 spell: Sticks to Snakes
 15682 | Lair:2   | Reached skill level 10 in Unarmed Combat
 15685 | Lair:2   | Reached XP level 12. HP: 92/101 MP: 17/27
 15692 | Lair:2   | Reached skill level 1 in Stealth
 16117 | Lair:3   | Reached skill level 5 in Invocations
 17386 | Lair:4   | Reached skill level 11 in Transmutations
 18256 | Lair:5   | Found a staircase to the Snake Pit.
 18304 | Lair:5   | Reached XP level 13. HP: 76/108 MP: 16/28
 19378 | Lair:6   | Found a staircase to the Swamp.
 19668 | Lair:6   | Found a staircase to the Slime Pits.
 19952 | Lair:6   | Reached skill level 5 in Translocations
 20701 | Lair:7   | Gained mutation: Your spells are a little harder to cast, but a little more powerful. [potion of mutation]
 20701 | Lair:7   | Gained mutation: Your magical capacity is low (-10% MP). [potion of mutation]
 20701 | Lair:7   | Gained mutation: You digest meat inefficiently. [potion of mutation]
 21081 | Lair:7   | Reached skill level 5 in Necromancy
 21233 | Lair:7   | Lost mutation: Your magical capacity is low (-10% MP). [potion of cure mutation]
 21233 | Lair:7   | Lost mutation: Your spells are a little harder to cast, but a little more powerful. [potion of cure mutation]
 21233 | Lair:7   | Lost mutation: You digest meat inefficiently. [potion of cure mutation]
 21364 | Lair:7   | Gained mutation: You have acidic saliva. [draconian growth]
 21364 | Lair:7   | Reached XP level 14. HP: 87/118 MP: 14/30
 21798 | Lair:7   | Reached skill level 12 in Transmutations
 21828 | Lair:8   | Entered Level 8 of the Lair of Beasts
 22510 | Lair:8   | Reached skill level 5 in Stealth
 23196 | Swamp:1  | Entered Level 1 of the Swamp
 23435 | Swamp:1  | Noticed staplegun's ghost (experienced SpAs)
 23439 | Swamp:1  | Killed staplegun's ghost
 23997 | Swamp:1  | Reached skill level 10 in Fighting
 24771 | Swamp:2  | Paralysed by a red wasp for 3 turns
 24773 | Swamp:2  | HP: 5/121 [yellow wasp[a shambling mangrove] (3)]
 24773 | Swamp:2  | Annihilated by a shambling mangrove

Action                   |  1- 3 |  4- 6 |  7- 9 | 10-12 | 13-15 || total
-------------------------+-------+-------+-------+-------+-------++-------
Melee: Unarmed           |   147 |   250 |   672 |   827 |   587 ||  2483
Throw: Tomahawk          |       |       |     3 |       |       ||     3
 Cast: Beastly Appendage |    14 |     4 |    15 |     9 |     2 ||    44
       Spider Form       |       |    10 |    13 |    12 |       ||    35
       Blade Hands       |       |       |     5 |    51 |    51 ||   107
       Shroud of Golubri |       |       |     4 |    25 |    44 ||    73
       Sticks to Snakes  |       |       |       |     8 |       ||     8
       Ice Form          |       |       |       |     2 |    19 ||    21
       Regeneration      |       |       |       |     1 |    17 ||    18
Invok: Slouch            |       |       |       |     2 |       ||     2
 Abil: Spit Acid         |       |       |       |     1 |       ||     1
       Evoke Flight      |       |       |       |     1 |       ||     1
       End Transformatio |       |       |       |       |     4 ||     4
Evoke: Wand              |       |       |       |     3 |     4 ||     7
  Use: Potion            |       |     1 |     1 |       |    19 ||    21
       Scroll            |       |       |     4 |     9 |     7 ||    20
 Stab: Sleeping          |       |     1 |     2 |    10 |     6 ||    19
       Distracted        |       |       |       |     2 |     1 ||     3
